 Dungeon Crawl Stone Soup version 0.26-a0-639-g72c4674329 (webtiles) character file.

Game seed: 11798233091908989090

6835 Cabbage the Thaumaturge (level 10, -16/47 HPs)
             Began as a Deep Elf Conjurer on Sept 19, 2020.
             Was a Believer of Cheibriados.
             Killed from afar by a manticore (17 damage)
             ... with a volley of spikes
             ... on level 10 of the Dungeon.
             The game lasted 00:52:12 (16906 turns).

Cabbage the Thaumaturge (Deep Elf Conjurer)        Turns: 16906, Time: 00:52:12

Health: -16/47     AC: 16    Str:  8 (9)  XL:     10   Next: 77%
Magic:  12/26      EV: 12    Int: 28      God:    Cheibriados [**....]
Gold:   489        SH:  5    Dex: 17      Spells: 18/29 levels left

rFire    + . .     SeeInvis .   a - +2 short sword (drain)
rCold    . . .     Faith    .   m - +0 buckler
rNeg     . . .     Spirit   .   I - +1 ring mail {rF+}
rPois    .         Reflect  .   (no helmet)
rElec    .         Harm     .   M - +0 cloak
rCorr    .         Rampage  .   (no gloves)
MR       +....                  (no boots)
Stlth    ++........             (no amulet)
HPRegen  0.15/turn              B - +4 ring of protection
MPRegen  0.20/turn              g - +4 ring of protection

@: barbed spikes, very slow
A: deterioration 1, frail 2, weak 1, sturdy frame 1
a: Bend Time, Renounce Religion


You were on level 10 of the Dungeon.
You worshipped Cheibriados.
Cheibriados was pleased with you.
You visited 2 branches of the dungeon, and saw 11 of its levels.

You collected 541 gold pieces.
You spent 52 gold pieces at shops.

Inventory:

Hand Weapons
 a - a +2 short sword of draining (weapon)
 J - a +4 hand axe
 K - a +3 long sword of freezing
Missiles
 b - 31 poisoned darts (quivered)
 s - 11 boomerangs
 O - a throwing net
Armour
 m - a +0 buckler (worn)
 A - a +2 robe of resistance
 E - a +0 helmet
 I - a +1 ring mail of fire resistance (worn)
 M - a +0 cloak (worn)
Jewellery
 g - a +4 ring of protection (right hand)
 n - an uncursed ring of wizardry
 B - a +4 ring of protection (left hand)
 D - an uncursed ring of see invisible
 H - an uncursed ring of flight
 L - an uncursed amulet of the acrobat
Wands
 i - a wand of flame (17)
 u - a wand of paralysis (16)
 x - a wand of digging (5)
 y - a wand of disintegration (21)
 F - a wand of iceblast (9)
Scrolls
 d - 8 scrolls of identify
 e - 4 scrolls of immolation {unknown}
 h - 5 scrolls of teleportation
 j - 2 scrolls of random uselessness {unknown}
 o - a scroll of magic mapping
 q - a scroll of enchant armour {unknown}
 t - 4 scrolls of enchant weapon {unknown}
 v - a scroll of fog {unknown}
 w - a scroll of blinking {unknown}
 C - 2 scrolls of remove curse
Potions
 c - a potion of heal wounds
 f - 4 potions of might
 k - a potion of magic
 l - 7 potions of curing
 p - 2 potions of ambrosia
 r - 2 potions of stabbing
 G - 4 potions of haste
 N - a potion of brilliance


   Skills:
 * Level 5.3 Fighting
 + Level 1.5 Throwing
 * Level 5.2 Armour
 - Level 2.4 Dodging
 - Level 2.4 Stealth
 - Level 4.0 Shields
 + Level 10.3 Spellcasting
 + Level 9.8 Conjurations
 - Level 5.0 Hexes
 * Level 4.4 Translocations
 + Level 2.3 Evocations


You had 18 spell levels left.
You knew the following spells:

 Your Spells              Type           Power        Failure   Level
a - Magic Dart            Conj           ####         1%          1
b - Searing Ray           Conj           ######       1%          2
c - Fulminant Prism       Conj/Hex       ######....   3%          4
d - Iskenderun's Mystic   Conj/Tloc      ######..     3%          4

Your spell library contained the following spells:

 Spells                   Type           Power        Failure   Level
 Dazzling Flash           Conj/Hex       ######       1%          3


Dungeon Overview and Level Annotations

Branches:
Dungeon (10/15)            Temple (1/1) D:7
   Lair: D:8-11         Orc: D:9-12

Altars:
Ashenzari
Cheibriados
Dithmenos
Elyvilon
Fedhas
Gozag
Hepliaklqana
Kikubaaqudgha
Makhleb
Nemelex Xobeh
Okawaru
Qazlal
Ru
Sif Muna
Trog
Uskayaw
Vehumet
Wu Jian
Xom
Yredelemnul
Zin
The Shining One

Shops:
D:7 *   D:9 (   D:10 [

Annotations:
D:3 exclusion: 2 downstairs
D:5 exclusion: downstairs
D:6 exclusion: downstairs
D:7 exclusion: downstairs
D:9 1 runed translucent door


Innate Abilities, Weirdness & Mutations

Your body sometimes deteriorates upon taking damage.
You are very frail. (-20% HP)
You are weak. (Str -2)
Your movements are slightly less encumbered by armour. (ER -2)


Message History

The barbed spikes become lodged in your body.
* * * LOW HITPOINT WARNING * * *
Casting: Fulminant Prism (dangerous; 3% risk of failure)
Confirm with . or Enter, or press ? or * to list all spells.
Aiming: Searing Ray (safe; 1% risk of failure)
Press: ? - help, Shift-Dir - straight line, f/p - manticore
Aim: a manticore (severely wounded, very poisoned)
The searing ray hits the manticore.
The manticore is almost dead. (Press . to maintain the ray.)
The manticore flicks its tail.
The volley of spikes hits you!
The barbed spikes become lodged in your body.
* * * LOW HITPOINT WARNING * * *
The searing ray hits the manticore!
The manticore is almost dead.
The manticore flicks its tail.
The volley of spikes hits you!
The barbed spikes become lodged in your body.
You die...

#.....).).#.....≈.≈.≈.
#.......#.#......≈.≈.≈
######...∩......≈.≈.≈.
#####.##.#......≈.≈.≈
##.....[.÷..≈.≈.≈.≈.≈.
#........#.).....≈.≈.≈
##...........≈.≈.≈.≈.≈.
#.................≈.≈.≈
###....(....##.≈@≈.≈.≈.≈.
.............#......≈.≈.≈
###....(.......≈.≈.≈.≈.≈.
###†............H.≈.≈.≈
#..........≈.≈.≈.≈.≈.
##.....)......<(≈.≈.≈
#....(....≈.≈.≈:≈.≈.
#...............(...
#........#.≈.≈.≈..


You could see a manticore (very poisoned).

Vanquished Creatures
  A catoblepas (D:8)
  A centaur warrior (D:8)
  An unseen horror (D:8)
  A manticore (D:8)
  A komodo dragon (D:10)
  The ghost of Flugslaktarn the Skirmisher, an amateur MiFi (D:4)
  A hippogriff (D:10)
  A vampire mosquito (D:8)
  4 orc warriors
  2 sky beasts
  3 ice beasts
  A necrophage (D:7)
  An ogre (D:6)
  4 centaurs
  3 big kobolds (D:7)
  6 bullfrogs
  6 wights
  3 howler monkeys (D:8)
  4 electric eels (D:10)
  A hound (D:6)
  A bullfrog zombie (D:9)
  A centaur zombie (D:8)
  3 jellies
  2 bullfrog skeletons
  5 orc priests
  8 orc wizards
  A centaur skeleton (D:6)
  A gnoll shaman (D:9)
  Jessica (D:3)
  4 iguanas
  5 worker ants
  2 hound skeletons
  A mummy (D:8)
  A howler monkey zombie (D:7)
  A howler monkey skeleton (D:9)
  12 gnolls
  16 adders
  4 shadow imps
  4 white imps
  An ufetubus (D:5)
  2 oozes
  An adder zombie (D:7)
  A dart slug (D:1)
  5 leopard geckos
  30 orcs
  3 giant cockroaches
  7 hobgoblins
  7 jackals
  6 quokkas
  7 bats
  4 frilled lizards
  8 goblins
  A jackal skeleton (D:5)
  12 kobolds
  2 leopard gecko skeletons
  A quokka zombie (D:8)
  12 rats
229 creatures vanquished.

Vanquished Creatures (others)
  A wizard (D:9)
  76 fulminant prisms
  6 plants (D:10)
83 creatures vanquished.

Grand Total: 312 creatures vanquished

Notes
Turn   | Place    | Note
-------+----------+-------------------------------------------
     0 | D:1      | Cabbage the Deep Elf Conjurer began the quest for the Orb.
     0 | D:1      | Reached XP level 1. HP: 10/10 MP: 6/6
   410 | D:1      | Reached XP level 2. HP: 16/16 MP: 5/8
   414 | D:1      | Learned a level 2 spell: Searing Ray
   673 | D:1      | Reached skill level 5 in Conjurations
   813 | D:1      | Reached XP level 3. HP: 20/20 MP: 6/9
  1159 | D:1      | Reached skill level 1 in Fighting
  1378 | D:2      | Found an ancient bone altar of Kikubaaqudgha.
  1522 | D:2      | Found a blossoming altar of Fedhas.
  1947 | D:2      | Reached XP level 4. HP: 25/25 MP: 4/11
  2301 | D:3      | Reached skill level 1 in Armour
  2727 | D:3      | Found a shadowy altar of Dithmenos.
  3014 | D:3      | Learned a level 4 spell: Fulminant Prism
  3070 | D:3      | Noticed Jessica
  3073 | D:3      | Killed Jessica
  3073 | D:3      | Reached skill level 4 in Spellcasting
  3073 | D:3      | Reached XP level 5. HP: 29/29 MP: 8/13
  3627 | D:4      | Found a runed translucent door.
  3784 | D:4      | Noticed Flugslaktarn's ghost (amateur MiFi)
  3948 | D:4      | Reached skill level 1 in Shields
  4217 | D:5      | Entered Level 5 of the Dungeon
  4302 | D:4      | Reached XP level 6. HP: 35/35 MP: 6/14
  4608 | D:5      | Found a stormy altar of Qazlal.
  5106 | D:5      | Reached skill level 5 in Spellcasting
  5448 | D:5      | Found a shadowy altar of Dithmenos.
  5646 | D:5      | Found a glowing golden altar of the Shining One.
  5687 | D:5      | Noticed a sky beast
  5698 | D:5      | Killed a sky beast
  6228 | D:6      | Reached XP level 7. HP: 37/40 MP: 10/17
  6277 | D:6      | Reached skill level 1 in Hexes
  6818 | D:6      | Reached skill level 6 in Spellcasting
  6933 | D:6      | Found a hide-covered altar of Uskayaw.
  7159 | D:5      | Found a glowing golden altar of the Shining One.
  7626 | D:5      | Found a stormy altar of Qazlal.
  8273 | D:5      | Found a stormy altar of Qazlal.
  8505 | D:5      | Found a shadowy altar of Dithmenos.
  8579 | D:5      | Found a glowing golden altar of the Shining One.
  9268 | D:6      | Learned a level 4 spell: Iskenderun's Mystic Blast
  9292 | D:7      | Reached XP level 8. HP: 45/45 MP: 14/19
  9394 | D:7      | Found Zoywn's General Store.
  9400 | D:7      | Bought a scroll of magic mapping for 52 gold pieces
  9811 | D:7      | Reached skill level 7 in Spellcasting
 10309 | D:7      | Reached skill level 1 in Throwing
 10456 | D:7      | Found a staircase to the Ecumenical Temple.
 10465 | Temple   | Entered the Ecumenical Temple
 10751 | D:7      | Reached XP level 9. HP: 51/51 MP: 12/22
 11219 | D:8      | Found a snail-covered altar of Cheibriados.
 11412 | D:8      | Became a worshipper of Cheibriados the Contemplative
 11564 | D:8      | Reached skill level 8 in Spellcasting
 11747 | D:8      | Found a sacrificial altar of Ru.
 11754 | D:8      | Found a bloodstained altar of Trog.
 11924 | D:8      | Paralysed by a wight for 5 turns
 11929 | D:8      | Noticed a centaur warrior
 12230 | D:8      | Killed a centaur warrior
 12230 | D:8      | Reached skill level 5 in Hexes
 12230 | D:8      | Reached skill level 1 in Translocations
 12375 | D:8      | Noticed a manticore
 12383 | D:8      | Killed a manticore
 12620 | D:8      | Noticed a catoblepas
 12644 | D:8      | Killed a catoblepas
 12644 | D:8      | Reached skill level 9 in Spellcasting
 12644 | D:8      | Reached XP level 10. HP: 51/58 MP: 1/25
 12824 | D:8      | Noticed an unseen horror
 12831 | D:8      | Killed an unseen horror
 12831 | D:8      | Reached * piety under Cheibriados
 14590 | D:9      | Found Fausooceki's Antique Weapon Shoppe.
 14772 | D:9      | Gained mutation: You are somewhat resistant to further
                  | mutation. [potion of mutation]
 14772 | D:9      | Gained mutation: You have sharp toenails. [potion of
                  | mutation]
 14773 | D:9      | Lost mutation: You have sharp toenails. [potion of
                  | mutation]
 14773 | D:9      | Lost mutation: You are somewhat resistant to further
                  | mutation. [potion of mutation]
 14773 | D:9      | Gained mutation: You are frail. (-10% HP) [potion of
                  | mutation]
 14773 | D:9      | Gained mutation: You are very frail. (-20% HP) [potion of
                  | mutation]
 14773 | D:9      | Gained mutation: You are partially covered in icy blue
                  | scales. (AC +2) [potion of mutation]
 14773 | D:9      | Gained mutation: You have a pair of small horns on your
                  | head. [potion of mutation]
 14843 | D:9      | Found a runed translucent door.
 14843 | D:9      | Noticed a centaur warrior
 14843 | D:9      | Noticed a frost giant
 14843 | D:9      | Noticed a five-headed hydra
 14845 | D:9      | Noticed a deep elf mage
 14845 | D:9      | Noticed a great orb of eyes
 14845 | D:9      | Noticed an eight-headed hydra
 14845 | D:9      | Noticed a yaktaur captain
 14845 | D:9      | Identified the amulet "Zomehis" {Acrobat rElec rPois Slay-4
                  | Stlth+}
 14845 | D:9      | Noticed a centaur warrior
 15080 | D:9      | Found a bloodstained altar of Trog.
 15081 | D:9      | Noticed a wizard
 15086 | D:9      | Killed a wizard
 15495 | D:4      | Killed Flugslaktarn's ghost
 15495 | D:4      | Reached skill level 5 in Armour
 15501 | D:4      | Lost mutation: You have a pair of small horns on your head.
                  | [potion of mutation]
 15501 | D:4      | Lost mutation: You are partially covered in icy blue
                  | scales. (AC +2) [potion of mutation]
 15501 | D:4      | Gained mutation: Your body sometimes deteriorates upon
                  | taking damage. [potion of mutation]
 15501 | D:4      | Gained mutation: You are weak. (Str -2) [potion of
                  | mutation]
 15501 | D:4      | Gained mutation: Your movements are slightly less
                  | encumbered by armour. (ER -2) [potion of mutation]
 15781 | D:10     | Entered Level 10 of the Dungeon
 15792 | D:10     | Found Boudgh's Armour Shop.
 15801 | D:10     | Reached skill level 5 in Fighting
 15801 | D:10     | Reached skill level 10 in Spellcasting
 16287 | D:10     | Reached ** piety under Cheibriados
 16896 | D:10     | Noticed a manticore
 16905 | D:10     | HP: 1/47 [manticore/volley of spikes (12)]
 16906 | D:10     | Killed from afar by a manticore

Illustrated notes

Levels and vault maps discovered:
D:1:      dpeg_arrival_stone_temple_mockup, layout_basic, minmay_domino_4
D:2:      layout_loops_cross, old_standard_altar, fedhas_altar_1
D:3:      layout_loops_ring, lemuel_doored_altar, uniq_jessica
D:4:      layout_rooms, hellmonk_ghost_happy_afterlife
D:5:      layout_layer_cave, nicolae_overflow_hidden_temple, old_standard_altar,
          basic_altar
D:6:      layout_cave_pools, serial_rivers, chequers_serial_rivers_small_a,
          chequers_serial_rivers_micro_a, chequers_serial_rivers_small_a,
          chequers_serial_rivers_micro_d, basic_altar
D:7:      layout_gridville, minmay_temple_entry_wispy, serial_shops,
          nicolae_shop_statue_plus
D:8:      layout_basic, slow_altar_1, amethyst_overflow_temple_binary,
          minmay_evil_grid
D:9:      minmay_gate_of_8, layout_irregular_city, serial_shops,
          kennysheep_mini_moat, trog_wizard
D:10:     layout_basic, david_lair_shrubbed, serial_shops, nicolae_shop_crystal
Temple:   eino_temple_lava

Skill      XL: |  1  2  3  4  5  6  7  8  9 10 |
---------------+-------------------------------+-----
Conjurations   | 5 6 7 9 |  9.8
Fighting       | 1 2 3 4 5 |  5.3
Armour         | 1 2 3 4 5 |  5.2
Spellcasting   | 4 5 6 7 9 10 | 10.3
Shields        | 1 2 3 4 |  4.0
Hexes          | 2 4 5 |  5.0
Throwing       | 1 |  1.5
Translocations | 2 4 |  4.4
Evocations     | 2 |  2.3
Dodging        | |  2.4
Stealth        | |  2.4

Action                   |  1- 3 |  4- 6 |  7- 9 | 10-12 || total
-------------------------+-------+-------+-------+-------++-------
Melee: Short sword       |       |     1 |       |     4 ||     5
Throw: Dart              |       |       |    10 |    12 ||    22
 Cast: Magic Dart        |    76 |   168 |   106 |    59 ||   409
       Searing Ray       |       |     3 |    24 |    12 ||    39
       Fulminant Prism   |       |     3 |    38 |    35 ||    76
       Iskenderun's Myst |       |       |     4 |     3 ||     7
Evoke: Wand              |       |       |     4 |       ||     4
  Use: Scroll            |       |     6 |     4 |     3 ||    13
       Potion            |       |       |       |     3 ||     3
Armor: Ring mail         |       |    18 |       |    18 ||    36
       Robe              |       |       |    17 |     5 ||    22
Dodge: Dodged            |     7 |    18 |    34 |    24 ||    83
Block: Buckler           |       |    11 |    14 |     9 ||    34

Table legend: (Time is in decaauts)
 A = Elapsed time spent in this place.
 B = Non-inter-level travel time spent in this place.
 C = Inter-level travel time spent in this place.
 D = Time resting spent in this place.
 E = Time spent auto-exploring this place.
 F = Levels seen in this place.
 G = Mean time per level.
                   A        B        C        D        E       F      G
               +--------+--------+--------+--------+--------+-----+--------+
         Total |  17624 |  16460 |   1164 |   5395 |   9401 |  11 | 1602.2 |
       Dungeon |  17557 |  16403 |   1154 |   5395 |   9345 |  10 | 1755.7 |
        Temple |     66 |     56 |     10 |      0 |     56 |   1 |   66.0 |
               +--------+--------+--------+--------+--------+-----+--------+

Top non-repeatable levels by time:
     D:5: 3849 daAuts
     D:8: 2175 daAuts
     D:9: 2006 daAuts
     D:7: 1902 daAuts
     D:6: 1643 daAuts
     D:3: 1477 daAuts
     D:1: 1272 daAuts
     D:4: 1193 daAuts
    D:10: 1182 daAuts
     D:2: 856 daAuts
  Temple: 66 daAuts
